 Dungeon Crawl Stone Soup version 0.17-a0-1984-g55f5988 (webtiles) character file.

643 Ordine the Ruffian (level 7, 0/70 HPs)
             Began as a Troll Monk on Oct 6, 2015.
             Slain by a slave (2 damage)
             ... led by Pikel
             ... on level 4 of the Dungeon.
             The game lasted 00:07:10 (3093 turns).

Ordine the Ruffian (Troll Monk)                     Turns: 3093, Time: 00:07:10

Health: 0/70       AC:  7    Str: 20    XL:     7   Next: 26%
Magic:  6/6        EV: 11    Int:  6    God:
Gold:   149        SH:  0    Dex: 14    Spells: 0 memorised, 6 levels left

rFire  . . .     SeeInvis .       - Unarmed
rCold  . . .     Clarity  .     a - +1 robe
rNeg   . . .     SustAt   .     (no shield)
rPois  .         Gourm    +     (helmet restricted)
rElec  .         Spirit   .     k - +0 cloak
rCorr  .         Warding  .     (gloves unavailable)
rMut   .         Stasis   .     (boots unavailable)
MR     .....                    j - amulet of inaccuracy (curse)
Stlth  +++.......               (no ring)
                                m - ring of stealth

@: not resistant to hostile enchantments, fairly stealthy
A: unfitting armour, claws 3, fast metabolism 3, gourmand, regeneration 2,
shaggy fur 1, tough skin 2
a: no special abilities


You were on level 4 of the Dungeon.
You were full.

You visited 1 branch of the dungeon, and saw 4 of its levels.

You collected 149 gold pieces.

Inventory:

Armour
 a - a +1 robe (worn)
 g - a +0 shield
 k - a +0 cloak (worn)
Jewellery
 j - a cursed amulet of inaccuracy (around neck)
 m - a ring of stealth (left claw)
Scrolls
 s - a scroll of enchant armour
Potions
 c - a potion of resistance
 e - a potion of poison {unknown}
 i - a potion of cancellation
 l - a potion of cure mutation {unknown}
 n - a potion of brilliance {unknown}
 o - a potion of magic
 p - a potion of lignification {unknown}
Comestibles
 b - 2 bread rations
 f - a meat ration
 h - 3 chunks of flesh
 q - 4 fruits
 r - a beef jerky


   Skills:
 + Level 4.0 Fighting
 + Level 4.1 Dodging
 - Level 1.1 Stealth
 * Level 6.8 Unarmed Combat


You had 6 spell levels left.
You didn't know any spells.

Dungeon Overview and Level Annotations

Branches:
Dungeon (4/15)
 Temple: D:4-7

Altars:
Dithmenos
Trog
Yredelemnul

Annotations:
D:4 Pikel


Innate Abilities, Weirdness & Mutations

You are too large for most types of armour.
You have claws for hands.
Your metabolism is lightning-fast.
You like to eat raw meat.
You heal very quickly.
You are covered in fur (AC +1).
You have very tough skin (AC +2).


Message History

The quokka barely misses you.
You closely miss Pikel.
Pikel is moderately wounded.
The slave barely misses you. Pikel hits you but does no damage.
The slave hits you.
* * * LOW HITPOINT WARNING * * *
The slave hits you.
* * * LOW HITPOINT WARNING * * *
The quokka misses you.
You barely miss Pikel.
Pikel is moderately wounded.
Pikel barely misses you. The slave hits you.
* * * LOW HITPOINT WARNING * * *
The slave completely misses you. The slave hits you but does no damage.
The quokka closely misses you.
Drink which item? (? for menu, Esc to quit)
It was a potion of magic.
Magic courses through your body. The slave hits you.
* * * LOW HITPOINT WARNING * * *
The slave hits you.
You die...

........
...!...
# #.....
#.#....#
.#....##
.p....#
#pK.#
#@r.#
#pp.#
#...#
#)..#
#...#
#####


You could see Pikel, 4 slaves and a quokka.

Vanquished Creatures
  Sigmund (D:2)
  Duvessa (D:4)
  Dowan (D:4)
  2 hounds (D:2)
  Crazy Yiuf (D:2)
  An orc wizard (D:3)
  A worker ant zombie (D:3)
  8 gnolls
  4 adders
  An ooze (D:2)
  2 giant geckos
  11 orcs (D:3)
  A ball python (D:2)
  A giant cockroach (D:1)
  10 goblins
  5 hobgoblins
  A jackal (D:2)
  2 quokkas (D:3)
  13 bats
  A giant newt (D:1)
  11 kobolds
  8 rats
87 creatures vanquished.

Notes
Turn   | Place    | Note
--------------------------------------------------------------
     0 | D:1      | Ordine the Troll Monk began the quest for the Orb.
     0 | D:1      | Reached XP level 1. HP: 22/22 MP: 0/0
   172 | D:1      | Reached XP level 2. HP: 29/29 MP: 1/1
   918 | D:2      | Reached XP level 3. HP: 36/36 MP: 2/2
   939 | D:2      | Noticed Sigmund
   967 | D:2      | Killed Sigmund
   967 | D:2      | Reached skill level 5 in Unarmed Combat
   967 | D:2      | Reached XP level 4. HP: 20/45 MP: 3/3
   967 | D:2      | Reached XP level 5. HP: 23/53 MP: 4/4
  1513 | D:2      | Found a basalt altar of Yredelemnul.
  1513 | D:2      | Found a shadowy altar of Dithmenos.
  1636 | D:2      | Noticed Crazy Yiuf
  1645 | D:2      | Killed Crazy Yiuf
  1819 | D:2      | Reached XP level 6. HP: 55/61 MP: 5/5
  1822 | D:2      | Reached skill level 6 in Unarmed Combat
  2654 | D:3      | Found a bloodstained altar of Trog.
  3058 | D:4      | Noticed Duvessa
  3058 | D:4      | Noticed Dowan
  3061 | D:4      | Killed Duvessa
  3061 | D:4      | Reached XP level 7. HP: 66/70 MP: 6/6
  3075 | D:4      | Noticed Pikel
  3081 | D:4      | Killed Dowan
  3093 | D:4      | HP: 2/70 [slave[Pikel] (3)]
  3093 | D:4      | Slain by a slave

Vault maps used:
D:1:      dpeg_arrival_houses_and_road
D:2:      gammafunk_temple_overflow_wave, cheibrodos_gnoll_hut, uniq_sigmund,
          uniq_crazy_yiuf_cottage
D:3:      grunt_ministairs_11, trog_hazing_becter
D:4:      kennysheep_mini, nicolae_overflow_crystal_walls,
          minmay_temple_entry_enclosed_plants, nicolae_ossuary_entry_monument,
          serial_shops, shop, minmay_misc_feat_x, grunt_ministairs_11,
          uniq_duvessa, uniq_eustachio, uniq_pikel

Action                   |  1- 3 |  4- 6 |  7- 9 || total
-------------------------+-------+-------+-------++-------
Melee: Unarmed           |    69 |   214 |    28 ||   311
  Use: Potion            |     4 |       |     2 ||     6
       Scroll            |       |     7 |       ||     7
 Stab: Sleeping          |     2 |     7 |       ||     9
  Eat: Chunk             |     9 |    21 |       ||    30
